 Dungeon Crawl Stone Soup version 0.18.1-50-g88ac8fd (webtiles) character file.

156 nikopol the Chopper (level 5, 0/70 HPs)
             Began as a Hill Orc Berserker on Oct 22, 2016.
             Was a Priest of Trog.
             Slain by nikopol's ghost (10 damage)
             ... on level 3 of the Dungeon.
             The game lasted 00:04:42 (2287 turns).

nikopol the Chopper (Hill Orc Berserker)            Turns: 2287, Time: 00:04:43

Health: 0/70       AC:  4    Str: 26    XL:     5   Next: 38%
Magic:  5/5        EV: 11    Int:  7    God:    Trog [***...]
Gold:   193        SH:  0    Dex: 10    Spells: 0 memorised, 4 levels left

rFire  . . .     SeeInvis .     a - +0 hand axe
rCold  . . .     Gourm    .     t - +0 scale mail
rNeg   . . .     Faith    .     (no shield)
rPois  .         Spirit   .     (no helmet)
rElec  .         Dismiss  .     (no cloak)
rCorr  .         Reflect  .     (no gloves)
SustAt .         Harm     .     (no boots)
MR     .....                    (no amulet)
Stlth  ..........               (no ring)
                                l - -3 ring of protection (curse)

@: berserking, very quick, not resistant to hostile enchantments, extremely
unstealthy
A: no striking features
a: Berserk, Trog's Hand, Burn Spellbooks, Renounce Religion


You were on level 3 of the Dungeon.
You worshipped Trog.
Trog was most pleased with you.
You were not hungry.

You visited 1 branch of the dungeon, and saw 3 of its levels.

You collected 193 gold pieces.

Inventory:

Hand Weapons
 a - a +0 hand axe (weapon)
Missiles
 h - 27 arrows (quivered)
Armour
 b - a +0 animal skin
 r - a +0 leather armour
 t - a +0 scale mail (worn)
Jewellery
 l - a cursed -3 ring of protection (left hand)
 x - a cursed -2 ring of strength {unknown}
Scrolls
 d - a scroll of magic mapping {unknown}
 e - 4 scrolls of identify {unknown}
 i - a scroll of fear {unknown}
 o - 3 scrolls of remove curse {unknown}
 p - a scroll of recharging {unknown}
 v - a scroll of noise {unknown}
 y - a scroll of fog {unknown}
Potions
 k - a potion of magic {unknown}
 m - 2 potions of curing {unknown}
 q - a potion of lignification {unknown}
 s - 4 potions of heal wounds {unknown}
 u - a potion of agility {unknown}
 w - a potion of degeneration {unknown}
Comestibles
 c - 3 bread rations
 f - 3 chunks of flesh
 g - a slice of pizza
 j - 2 meat rations
 n - 2 fruits


   Skills:
 + Level 4.3 Fighting
 + Level 5.5 Axes
 + Level 3.7 Armour
 + Level 2.3 Dodging


You had 4 spell levels left.
You didn't know any spells.

Dungeon Overview and Level Annotations

Branches:
Dungeon (3/15)

Altars:

Annotations:
D:3 nikopol's ghost, amateur HOBe


Message History

You slash nikopol's ghost!
Nikopol's ghost is moderately damaged.
Nikopol's ghost hits you!
You hit nikopol's ghost but do no damage.
Nikopol's ghost is moderately damaged.
You hit nikopol's ghost but do no damage.
Nikopol's ghost is moderately damaged.
Nikopol's ghost mumbles, "They all look like pillowcases to me..."
Nikopol's ghost hits you!
* * * LOW HITPOINT WARNING * * *
You hit nikopol's ghost.
Nikopol's ghost is moderately damaged.
Nikopol's ghost hits you!
* * * LOW HITPOINT WARNING * * *
You hit nikopol's ghost but do no damage.
Nikopol's ghost is moderately damaged.
You closely miss nikopol's ghost.
Nikopol's ghost is moderately damaged.
Nikopol's ghost hits you!
You die...

##+#####.#####.##.#
#..............##.#
###
#........#..#...#.#
#..
#...........#..##.
#..
##........#.......
#.. ######......##
### #......# #
##....## # #..@...#
# ≈≈≈≈...W....≈≈≈ #
≈≈≈≈#......#≈≈≈ #
≈≈.###....## .≈ #
≈≈≈ ...... ≈ # ≈≈
........ #
#......#≈
##....###.


You could see nikopol's ghost.

Vanquished Creatures
  Terence (D:2)
  4 gnolls (D:2)
  2 adders (D:2)
  An ooze (D:2)
  A worm (D:3)
  A dart slug (D:1)
  4 giant geckos
  7 bats
  3 giant cockroaches
  6 goblins
  8 hobgoblins
  2 jackals (D:1)
  6 kobolds
  3 ball pythons
  3 giant newts
  A jackal zombie (D:3)
  9 rats
62 creatures vanquished.

Notes
Turn   | Place    | Note
--------------------------------------------------------------
     0 | D:1      | nikopol the Hill Orc Berserker began the quest for the Orb.
     0 | D:1      | Reached XP level 1. HP: 19/19 MP: 1/1
   146 | D:1      | Reached XP level 2. HP: 19/27 MP: 2/2
   378 | D:1      | Reached XP level 3. HP: 30/33 MP: 3/3
   520 | D:1      | Reached ** piety under Trog
  1288 | D:2      | Noticed Terence
  1295 | D:2      | Killed Terence
  1295 | D:2      | Reached XP level 4. HP: 40/40 MP: 4/4
  1342 | D:2      | Reached skill level 5 in Axes
  1565 | D:2      | Found a faded altar to an unknown god.
  1637 | D:2      | Reached XP level 5. HP: 46/46 MP: 5/5
  2067 | D:3      | Reached *** piety under Trog
  2274 | D:3      | Noticed nikopol's ghost (amateur HOBe)
  2287 | D:3      | Slain by nikopol's ghost

Skill      XL: |  1  2  3  4 |
---------------+-------------+-----
Dodging        | 2 |  2.3
Fighting       | 4 |  4.3
Armour         | 3 |  3.7
Axes           | 5 |  5.5

Action                   |  1- 3 |  4- 6 || total
-------------------------+-------+-------++-------
Melee: Hand axe          |   124 |    97 ||   221
Invok: Berserk           |     1 |     2 ||     3
  Eat: Chunk             |     1 |     6 ||     7
Armor: Animal skin       |    16 |       ||    16
       Scale mail        |       |    33 ||    33
Dodge: Dodged            |    81 |    54 ||   135
